 Dungeon Sprint DCSS version 0.32-a0-18-g89e19f1974 (webtiles) character file.

Game seed: 4525917287992380985

8675 rocky1 the Fighter (level 11, -10/80 HPs)
             Began as a Deep Elf Earth Elementalist on Dec 3, 2023.
             Was an Initiate of Gozag.
             Engulfed by a cloud of foul pestilence (17 damage)
             ... in the Dungeon (Sprint III: "The Ten Rune Challenge") on Jan 17, 2024.
             The game lasted 00:16:02 (3800 turns).

rocky1 the Fighter (Deep Elf Earth Elementalist)    Turns: 3800, Time: 00:16:02

Health: -10/80     AC:  4    Str:  6    XL:     11   Next: 13%
Magic:  28/28      EV: 19    Int: 33    God:    Gozag
Gold:   490        SH:  0    Dex: 14    Spells: 17/32 levels left

rFire   . . .        i - staff of cold
rCold   + . .        (no shield)
rNeg    . . .        a - +0 robe
rPois   .            (no helmet)
rElec   .            (no cloak)
rCorr   .            (no gloves)
SInv    .            (no boots)
Will    +....        (no amulet)
Stlth   +++          u - +5 ring of evasion
HPRegen 0.33/turn    v - +6 ring of intelligence
MPRegen 0.21/turn

%: no teleportation
@: lethally poisoned (-10 -> -52), slowed, studying Fighting, very slow
A: iridescent scales 1, camouflage 1, clever 1
a: Renounce Religion, Potion Petition, Call Merchant, Bribe Branch


You were in the Dungeon.
You worshipped Gozag.
Gozag was aware of your devotion.
You visited 1 branch You collected 6950 gold pieces.
You spent 4373 gold pieces at shops.
You paid 2087 gold pieces to Gozag.

Inventory:

Hand Weapons
 g - a +0 whip
 r - a +2 long sword of holy wrath
 y - a +0 quarterstaff of freezing
Missiles
 z - 7 curare-tipped darts
Armour
 a - a +0 robe (worn)
 s - an orb of mayhem
Magical Staves
 i - a staff of cold (weapon)
Jewellery
 u - a +5 ring of evasion (left hand)
 v - a +6 ring of intelligence (right hand)
 w - a ring of willpower
Wands
 t - a wand of polymorph (10)
Scrolls
 h - a scroll of amnesia {unknown}
 k - a scroll of immolation {unknown}
 l - 2 scrolls of identify
 n - a scroll of torment {unknown}
 o - a scroll of poison {unknown}
Potions
 b - a potion of magic
 c - 3 potions of curing
 d - 2 potions of heal wounds
 e - a potion of haste
 f - a potion of berserk rage
 j - 6 potions of mutation
 m - 2 potions of enlightenment
 p - a potion of lignification {unknown}
 x - a potion of resistance
Miscellaneous
 q - a condenser vane


   Skills:
 - Level 14.0 Fighting
 + Level 5.2 Dodging
 - Level 2.4 Stealth
 + Level 11.2 Spellcasting
 + Level 9.0 Conjurations
 - Level 11.9 Ice Magic
 + Level 12.5 Earth Magic
 - Level 9.5 Alchemy
 + Level 5.5 Evocations


You had 17 spell levels left.
You knew the following spells:

 Your Spells              Type           Power      Damage    Failure   Level
a - Sandblast             Erth           100%       2d20      0%          1
b - Stone Arrow           Conj/Erth      100%       3d13      1%          3
c - Brom's Barrelling Bo  Conj/Erth      74%        2d9       1%          4
d - Olgreb's Toxic Radia  Alch           69%        N/A       1%          4
e - Frozen Ramparts       Ice            100%       1d16      1%          3

Your spell library contained the following spells:

 Spells                   Type           Power      Damage    Failure   Level
 Freeze                   Ice            100%       1d10      1%          1
 Sting                    Conj/Alch      100%       1d9       1%          1
 Cigotuvi's Dreadful Rot  Necr/Alch/Air  78%        N/A       1%          2
 Mercury Vapours          Alch/Air       100%       N/A       1%          2
 Static Discharge         Conj/Air       96%        3-7/arc   1%          2
 Hailstorm                Conj/Ice       93%        3d15      1%          3
 Passwall                 Erth           79%        N/A       1%          3
 Summon Ice Beast         Ice/Summ       72%        N/A       1%          3
 Petrify                  Alch/Erth      74%        N/A       1%          4
 Alistair's Intoxication  Alch           46%        N/A       1%          5
 Scorch                   Fire           36%        2d6       3%          2
 Flame Wave               Conj/Fire      48%        2d12      3%          4
 Ignite Poison            Fire/Alch      50%        N/A       3%          4
 Sticky Flame             Fire/Alch      50%        2d9       3%          4
 Sculpt Simulacrum        Ice/Alch       47%        N/A       4%          6
 Borgnjor's Vile Clutch   Necr/Erth      28%        N/A       5%          5
 Eringya's Noxious Bog    Alch           34%        4d6       8%          6
 Summon Blazeheart Golem  Fire/Summ      18%        N/A       26%         4
 Orb of Destruction       Conj           34%        9d10      45%         7
 Spellforged Servitor     Conj/Summ      24%        N/A       97%         7
 Summon Cactus Giant      Summ           9%         N/A       98%         6
 Ignition                 Fire           9%         3d5       100%        8


Dungeon Overview and Level Annotations

Branches:
Dungeon (1/1)

Altars:
Cheibriados
Dithmenos
Elyvilon
Fedhas
Gozag
Hepliaklqana
Kikubaaqudgha
Makhleb
Nemelex Xobeh
Okawaru
Qazlal
Ru
Sif Muna
Trog
Uskayaw
Vehumet
Wu Jian
Xom
Yredelemnul
Zin
The Shining One
Jiyva
Lugonu

Shops:
D =!:(


Innate Abilities, Weirdness & Mutations

You are partially covered in iridescent scales. (AC +2)
Your skin changes colour to match your surroundings (Stealth+).
Your mind is acute. (Int +4, Str/Dex -1)


Message History

You now have 418 gold pieces (gained 108).
There is an open door, spattered with blood here.
Items here: )) [[.
A yaktaur comes into view.
Things that are here:
72 gold pieces; a +0 whip The yaktaur moves out of view.
You now have 490 gold pieces (gained 72).
You see here a +0 whip.
g - a +0 whip You start resting.
HP restored.
You start resting.
Magic restored.
There is an open door here.
A skeletal warrior comes into view. It is wielding a +0 trident.
You close the door.
A skeletal warrior opens the door.
You are engulfed in dark miasma.
You are poisoned.
You feel yourself slow down.
You feel very sick.
You are engulfed in dark miasma.
You are more poisoned.
You feel as though you will be slow longer.
You feel extremely sick.
There is an open door here.
You are engulfed in dark miasma.
You are more poisoned.
* * * LOW HITPOINT WARNING * * *
You feel extremely sick.
Unknown command.
You feel better.
You are engulfed in dark miasma.
You are poisoned.
* * * LOW HITPOINT WARNING * * *
x2 You feel very sick.
You are engulfed in dark miasma.
You are more poisoned.
You die...
Your body crumbles into a pile of gold.

♣♣♣##)########
#..))§≈≈§≈#
#...#§≈≈§§#
#...#.#§≈≈#
#####○#c≈≈≈#
#☼☼☼°○# #≈≈≈≈
#§§○☼.# c≈≈≈
#☼○°..# ##≈§
#☼@...# ..#c§
#○#####§§.###
#○z☼○z§§§.z.#
#§###########
#°# #°# #°#
#○# #.#


There were no monsters in sight!

Vanquished Creatures
  Harold (D)
  Erica (D)
  A centaur warrior (D)
  Joseph (D)
  A deep elf pyromancer (D)
  An orc knight (D)
  3 orc sorcerers (D)
  An unseen horror (D)
  A queen bee (D)
  2 orc high priests (D)
  A shadow (D)
  A spatial vortex (D)
  2 centaurs (D)
  An earth elemental (D)
  A water elemental (D)
  A necrophage (D)
  3 wandering mushrooms (D)
  32 killer bees (D)
  A jelly (D)
  4 orc priests (D)
  Jessica (D)
  An arcanist (D)
  A necromancer (D)
  3 orc wizards (D)
  3 humans (D)
  A kobold demonologist (D)
  A phantom (D)
  9 orcs (D)
  An endoplasm (D)
  2 rats (D)
  A ballistomycete spore (D)
84 creatures vanquished.

Notes
Turn   | Place    | Note
-------+----------+-------------------------------------------
     0 | D        | rocky1 the Deep Elf Earth Elementalist began the quest for
                  | the Orb.
     0 | D        | Reached XP level 1. HP: 10/10 MP: 6/6
     6 | D        | Reached skill level 1 in Conjurations
   106 | D        | Noticed Jessica
   108 | D        | Killed Jessica
   109 | D        | Reached skill level 5 in Earth Magic
   109 | D        | Reached XP level 2. HP: 15/15 MP: 3/9
   109 | D        | Reached XP level 3. HP: 19/19 MP: 3/11
   184 | D        | Learned a level 3 spell: Stone Arrow
   197 | D        | Reached skill level 5 in Spellcasting
   430 | D        | Gained mutation: Your skin changes colour to match your
                  | surroundings (Stealth+). [potion of mutation]
   430 | D        | Gained mutation: You are partially covered in iridescent
                  | scales. (AC +2) [potion of mutation]
   430 | D        | Gained mutation: Your mind is acute. (Int +4, Str/Dex -1)
                  | [potion of mutation]
   454 | D        | Noticed a water elemental
   469 | D        | Killed a water elemental
   470 | D        | Reached XP level 4. HP: 19/24 MP: 4/14
   794 | D        | Noticed a shadow
   797 | D        | Killed a shadow
   798 | D        | Reached skill level 10 in Earth Magic
   798 | D        | Reached XP level 5. HP: 28/28 MP: 9/18
   798 | D        | Reached XP level 6. HP: 32/32 MP: 9/19
  1003 | D        | Found a blossoming altar of Fedhas.
  1003 | D        | Found a stormy altar of Qazlal.
  1003 | D        | Found a snail-covered altar of Cheibriados.
  1003 | D        | Found a burning altar of Makhleb.
  1003 | D        | Found a shimmering altar of Xom.
  1004 | D        | Found a hazy altar of Hepliaklqana.
  1004 | D        | Found an opulent altar of Gozag.
  1004 | D        | Found a sparkling altar of Nemelex Xobeh.
  1004 | D        | Found a corrupted altar of Lugonu.
  1004 | D        | Found a viscous altar of Jiyva.
  1004 | D        | Noticed a spatial vortex
  1011 | D        | Killed a spatial vortex
  1182 | D        | Learned a level 4 spell: Brom's Barrelling Boulder
  1184 | D        | Found a basalt altar of Yredelemnul.
  1184 | D        | Found a shadowy altar of Dithmenos.
  1184 | D        | Found a sacrificial altar of Ru.
  1189 | D        | Reached skill level 1 in Fighting
  1368 | D        | Became a worshipper of Gozag Ym Sagoz the Greedy
  1390 | D        | Found a radiant altar of Vehumet.
  1390 | D        | Found a shimmering blue altar of Sif Muna.
  1390 | D        | Found an ancient bone altar of Kikubaaqudgha.
  1392 | D        | Reached skill level 10 in Spellcasting
  1392 | D        | Reached XP level 7. HP: 38/38 MP: 17/22
  1410 | D        | Learned a level 4 spell: Olgreb's Toxic Radiance
  1436 | D        | Found a glowing silver altar of Zin.
  1436 | D        | Found a glowing golden altar of the Shining One.
  1436 | D        | Found a white marble altar of Elyvilon.
  1436 | D        | Noticed a deep elf pyromancer
  1439 | D        | Killed a deep elf pyromancer
  1590 | D        | Found a hide-covered altar of Uskayaw.
  1590 | D        | Found an iron altar of Okawaru.
  1590 | D        | Found a bloodstained altar of Trog.
  1590 | D        | Found an ornate altar of the Wu Jian Council.
  1590 | D        | Noticed a human
  1591 | D        | Noticed a human
  1596 | D        | Killed a human
  1597 | D        | Reached skill level 3 in Fighting
  1597 | D        | Reached XP level 8. HP: 10/48 MP: 6/24
  1599 | D        | Reached skill level 5 in Fighting
  1752 | D        | Noticed Erica
  1757 | D        | Killed Erica
  1758 | D        | Reached skill level 8 in Fighting
  1970 | D        | Found Cuthemy's Jewellery Boutique.
  1972 | D        | Noticed an orc knight
  1973 | D        | Noticed an orc sorcerer
  1976 | D        | Noticed a soul eater
  1976 | D        | Killed an orc knight
  1977 | D        | Reached skill level 10 in Fighting
  1977 | D        | Reached XP level 9. HP: 62/62 MP: 10/25
  1977 | D        | Killed an orc sorcerer
  1978 | D        | Reached skill level 11 in Fighting
  1982 | D        | Noticed an orc sorcerer
  1984 | D        | Noticed an orc sorcerer
  1987 | D        | Killed an orc sorcerer
  1988 | D        | Reached skill level 12 in Fighting
  1988 | D        | Noticed a soul eater
  1990 | D        | Killed an orc sorcerer
  2085 | D        | Bought a +6 ring of intelligence for 504 gold pieces
  2085 | D        | Bought a ring of willpower for 350 gold pieces
  2094 | D        | Learned a level 3 spell: Frozen Ramparts
  2112 | D        | Reached skill level 13 in Fighting
  2112 | D        | Reached skill level 1 in Ice Magic
  2218 | D        | Bought a potion of heal wounds for 55 gold pieces
  2218 | D        | Bought 2 potions of curing for 66 gold pieces
  2218 | D        | Bought a potion of resistance for 110 gold pieces
  2222 | D        | Noticed a centaur warrior
  2230 | D        | Killed a centaur warrior
  2231 | D        | Reached skill level 5 in Ice Magic
  2231 | D        | Reached XP level 10. HP: 45/73 MP: 4/26
  2798 | D        | Reached skill level 14 in Fighting
  2831 | D        | Reached skill level 10 in Ice Magic
  3096 | D        | Bought an Everburning Encyclopedia for 432 gold pieces
  3096 | D        | Bought Everyday Spellcraft for 216 gold pieces
  3096 | D        | Bought a book of Scorching for 360 gold pieces
  3096 | D        | Bought a book of Dangerous Friends for 480 gold pieces
  3096 | D        | Bought a manual of Fighting for 960 gold pieces
  3096 | D        | Bought Great Wizards, Vol. II for 456 gold pieces
  3096 | D        | Bought a book of the Tundra for 384 gold pieces
  3096 | D        | Upgraded the game from 0.31-a0-1074-g0b22e4e0f1 to
                  | 0.32-a0-18-g89e19f1974
  3111 | D        | Noticed Harold
  3111 | D        | Noticed Joseph
  3118 | D        | Killed Harold
  3119 | D        | Reached XP level 11. HP: 54/80 MP: 7/27
  3121 | D        | Killed Joseph
  3122 | D        | Reached skill level 5 in Evocations
  3636 | D        | Reached skill level 5 in Dodging
  3790 | D        | Noticed a skeletal warrior
  3800 | D        | Engulfed by a cloud of foul pestilence

Illustrated notes

Levels and vault maps discovered:
D:        dungeon_sprint_mu [sprint_mu_entry_forest, sprint_mu_temple_rooms,
          sprint_mu_d1_horrors, sprint_mu_d2_genie, sprint_mu_d3_branching,
          sprint_mu_orc_legion, sprint_mu_elf_gauntlet, sprint_mu_hive_nellie,
          sprint_mu_lair_fedhas, sprint_mu_vaults_butterflies,
          sprint_mu_slime_circle, sprint_mu_swamp_cave, sprint_mu_shoals_kraken,
          sprint_mu_blade_basic, sprint_mu_crypt_fortress,
          sprint_mu_tomb_spiral, sprint_mu_vestibule_basic,
          sprint_mu_gehenna_hellfire, sprint_mu_dis_giant,
          sprint_mu_tartarus_statrot, sprint_mu_cocytus_islands, sprint_mu_zot1]

Skill      XL: |  1  2  3  4  5  6  7  8  9 10 11 |
---------------+----------------------------------+-----
Conjurations   | 3 4 6 7 8 9 |  9.0
Earth Magic    | 5 8 10 11 12 | 12.5
Spellcasting   | 4 6 8 10 11 | 11.2
Evocations     | 3 4 5 |  5.5
Fighting       | 1 3 10 13 14 | 14.0
Alchemy        | 9 |  9.5
Ice Magic      | 5 11 | 11.9
Transmutations | 3 |  0.0
Dodging        | 4 5 |  5.2
Stealth        | |  2.4

Action                     |  1- 3 |  4- 6 |  7- 9 | 10-12 || total
---------------------------+-------+-------+-------+-------++-------
  Melee: Staff             |       |       |     3 |    12 ||    15
         Punch             |       |       |       |     1 ||     1
   Cast: Sandblast         |    14 |       |     3 |     1 ||    18
         Stone Arrow       |     2 |    12 |    29 |    23 ||    66
         Olgreb's Toxic Ra |       |       |     7 |    11 ||    18
         Frozen Ramparts   |       |       |     1 |     2 ||     3
 Invoke: Call Merchant     |       |       |     1 |     2 ||     3
  Evoke: Condenser vane    |       |       |       |     1 ||     1
    Use: Potion            |     1 |       |     1 |     2 ||     4
         Scroll            |       |       |       |     1 ||     1
   Stab: Distracted        |       |       |       |     1 ||     1
 Armour: Robe              |     3 |     1 |    15 |    26 ||    45
  Dodge: Dodged            |     2 |     1 |    17 |    23 ||    43

Table legend: (Time is in decaauts)
 A = Elapsed time spent in this place.
 B = Non-inter-level travel time spent in this place.
 C = Inter-level travel time spent in this place.
 D = Time resting spent in this place.
 E = Time spent auto-exploring this place.
 F = Levels seen in this place.
 G = Mean time per level.
                   A        B        C        D        E       F      G
               +--------+--------+--------+--------+--------+-----+--------+
         Total |   3864 |   3750 |    114 |   2917 |      1 |   1 | 3864.0 |
       Dungeon |   3864 |   3750 |    114 |   2917 |      1 |   1 | 3864.0 |
               +--------+--------+--------+--------+--------+-----+--------+

Top non-repeatable levels by time:
       D: 3864 daAuts
